 Dungeon Crawl Stone Soup version 0.24-a0-375-g4de66ed42b (webtiles) character file.

Game seed: 13527643883565692881

42 theanonym the Magician (level 3, -1/24 HPs)
             Began as a Mummy Air Elementalist on May 31, 2019.
             Slain by an adder (5 damage)
             ... on level 2 of the Dungeon.
             The game lasted 00:02:28 (1655 turns).

theanonym the Magician (Mummy Air Elementalist)     Turns: 1655, Time: 00:02:29

Health: -1/24      AC:  2    Str: 11    XL:     3   Next: 33%
Magic:  1/7        EV: 12    Int: 15    God:
Gold:   120        SH:  0    Dex: 12    Spells: 2/8 levels left

rFire    . . .     SeeInvis .   d - +0 dagger
rCold    + . .     Gourm    .   (no shield)
rNeg     + + +     Faith    .   a - +0 robe
rPois    ∞         Spirit   .   (no helmet)
rElec    .         Reflect  .   (no cloak)
rCorr    .         Harm     .   (no gloves)
MR       +....                  (no boots)
Stlth    ++........             (no amulet)
HPRegen  0.08/turn              j - ring of protection from magic
MPRegen  0.10/turn              h - ring of protection from fire

@: very slightly contaminated
A: no food or potions, fire vulnerability, cold resistance 1, negative energy
resistance 3, torment resistance, unbreathing
a: no special abilities


Innate Abilities, Weirdness & Mutations

You do not eat or drink.
Your flesh is vulnerable to fire.
You are immune to poison.
Your flesh is cold resistant. (rC+)
You are immune to negative energy. (rN+++)
You are immune to unholy pain and torment.
You can survive without breathing.


   Skills:
 - Level 1.7 Dodging
 - Level 1.7 Stealth
 + Level 3.4 Spellcasting
 + Level 1.5 Conjurations
 + Level 2.8 Air Magic


You had 2 spell levels left.
You knew the following spells:

 Your Spells              Type           Power        Failure   Level  Hunger
a - Shock                 Conj/Air       #...         8%          1    N/A
b - Static Discharge      Conj/Air       #.......     24%         3    N/A
s - Swiftness             Chrm/Air       #.......     16%         2    N/A

Your spell library contained the following spells:

 Spells                   Type           Power        Failure   Level  Hunger
 Airstrike                Air            ##........   52%         4    N/A
 Lightning Bolt           Conj/Air       #.........   91%         5    N/A

Skill      XL: |  1  2 |
---------------+-------+-----
Conjurations   | 1 |  1.5
Spellcasting   | 3 |  3.4
Dodging        | |  1.7
Stealth        | |  1.7
Air Magic      | |  2.8

Action                   || total
-------------------------++-------
Melee: Unarmed           ||     7
       Dagger            ||    21
 Cast: Shock             ||    75
Armor: Robe              ||     8
Dodge: Dodged            ||    28

Inventory:

Hand Weapons
 b - a cursed -3 dagger
 c - a +0 club
 d - a +0 dagger (weapon)
Armour
 a - a +0 robe (worn)
 l - a +2 hat
Jewellery
 h - a ring of protection from fire (right hand)
 j - a ring of protection from magic (left hand)
Scrolls
 e - 2 scrolls of teleportation {unknown}
 f - 2 scrolls of remove curse {unknown}
 g - a scroll of identify {unknown}
 i - a scroll of immolation {unknown}
 k - 2 scrolls of fog {unknown}


You were on level 2 of the Dungeon.
You were not hungry.

You visited 1 branch of the dungeon, and saw 2 of its levels.

You collected 120 gold pieces.

Dungeon Overview and Level Annotations

Branches:
Dungeon (2/15)

Altars:

###.# ..#.#######
..........####
..#.#####.##.#############
.##.# #.#...#..........#
....# #......###.#####.#
.#### #......# #.# #.# .#
####.#.###.# #.# .###
#.##.@S## ##.## ...#
#.###### ##...## ##.# #+#
#.....# .# ... #.....##
##.## .... #......# .....#
...). ##....#.# .....#
......####...#.#.# .>....
......'.†......#.# .....#
.....$####....!#.#


You could see an adder.

Notes
Turn   | Place    | Note
-------+----------+-------------------------------------------
     0 | D:1      | theanonym the Mummy Air Elementalist began the quest for
                  | the Orb.
     0 | D:1      | Reached XP level 1. HP: 13/13 MP: 4/4
    21 | D:1      | HP: 5/13 [goblin/+0 club (2)]
    22 | D:1      | HP: 1/13 [goblin/+0 club (4)]
    74 | D:1      | Reached skill level 1 in Conjurations
   331 | D:1      | Reached XP level 2. HP: 19/19 MP: 1/5
   467 | D:1      | Reached skill level 3 in Spellcasting
   862 | D:1      | You fall into a shaft and drop 1 floor!
  1102 | D:2      | HP: 9/19 [adder (1)]
  1103 | D:2      | Reached XP level 3. HP: 12/24 MP: 0/7
  1255 | D:2      | Learned a level 3 spell: Static Discharge
  1258 | D:2      | Learned a level 2 spell: Swiftness
  1629 | D:2      | HP: 12/24 [adder (3)]
  1631 | D:2      | HP: 3/24 [adder (4)]
  1650 | D:2      | HP: 3/24 [adder (1)]
  1655 | D:2      | Slain by an adder

Vanquished Creatures
  An adder (D:2)
  A dart slug (D:1)
  A leopard gecko (D:1)
  3 bats (D:2)
  A giant cockroach (D:2)
  8 goblins
  4 hobgoblins
  2 frilled lizards
  A kobold (D:1)
  8 rats
30 creatures vanquished.

Table legend:
 A = Turns spent in this place as a percentage of turns spent in the entire game.
 B = Non-inter-level travel turns spent in this place as a percentage of non-inter-level travel turns spent in the entire game.
 C = Inter-level travel turns spent in this place as a percentage of turns spent in this place.
 D = Turns resting spent in this place as a percentage of non-inter-level travel turns spent in this place.
 E = Turns spent auto-exploring this place as a percentage of non-inter-level travel turns spent in this place.
 F = Non-inter-level travel turns spent in this place divided by the number of levels of this place that you've seen.
                   A       B       C       D       E      F
               +-------+-------+-------+-------+-------+----------------------
         Total | 100.0 | 100.0 |   2.1 |  46.0 |  41.4 | 810.5
       Dungeon | 100.0 | 100.0 |   2.1 |  46.0 |  41.4 | 810.5
               +-------+-------+-------+-------+-------+----------------------
